 Dungeon Crawl Stone Soup version 0.27-a0-1322-gfdffb62a71 (webtiles) character file.

Game seed: 3161900465801184095

392 bande the Shield-Bearer (level 6, -3/38 HPs)
             Began as a Gargoyle Fighter on June 21, 2021.
             Slain by an ogre (5 damage)
             ... on level 4 of the Dungeon on June 23, 2021.
             The game lasted 00:07:54 (3753 turns).

bande the Shield-Bearer (Gargoyle Fighter)          Turns: 3753, Time: 00:07:55

Health: -3/38      AC: 14    Str: 19    XL:     6   Next: 81%
Magic:  6/6        EV:  8    Int:  8    God:
Gold:   105        SH:  9    Dex: 10    Spells: 5/5 levels left

rFire    . . .     SeeInvis .   a - +0 war axe
rCold    . . .     Faith    .   c - +0 kite shield
rNeg     + . .     Spirit   .   b - +0 scale mail
rPois    ∞         Reflect  .   (helmet restricted)
rElec    +         Harm     .   s - +2 cloak
rCorr    .         Rampage  .   (no gloves)
Will     .....                  (no boots)
Stlth    ..........             (no amulet)
HPRegen  0.12/turn              (no ring)
MPRegen  0.10/turn              (no ring)

@: no status effects
A: sickness immunity, AC +4, negative energy resistance 1, electricity
resistance, torment resistance 1, petrification resistance, horns 1, weak 1,
evolution 1
a: no special abilities


You were on level 4 of the Dungeon.
You visited 1 branch of the dungeon, and saw 4 of its levels.
You also visited: Sewer.

You collected 105 gold pieces.

Inventory:

Hand Weapons
 a - a +0 war axe (weapon)
 e - a +0 flail
 l - a +0 war axe
Armour
 b - a +0 scale mail (worn)
 c - a +0 kite shield (worn)
 s - a +2 cloak (worn)
Jewellery
 f - an amulet of magic regeneration
 g - a ring of flight
Scrolls
 h - 3 scrolls of fog
 i - a scroll of teleportation
 o - a scroll of fear
 r - a scroll of amnesia
Potions
 d - 2 potions of might
 k - 3 potions of haste
 m - a potion of curing
 n - a potion of heal wounds
 p - 2 potions of magic {unknown}
 q - a potion of brilliance {unknown}


   Skills:
 + Level 4.0 Fighting
 + Level 4.4 Axes
 + Level 4.4 Armour
 + Level 1.6 Dodging
 + Level 4.4 Shields


You had 5 spell levels left.
You didn't know any spells.
Your spell library was empty.

Dungeon Overview and Level Annotations

Branches:
Dungeon (4/15)              Sewer (visited)
 Temple: D:4-7

Altars:
Fedhas
Kikubaaqudgha
Yredelemnul


Innate Abilities, Weirdness & Mutations

You are immune to sickness and miasma.
Your stone body is resilient. (AC +4)
You are immune to poison.
You resist negative energy. (rN+)
You are resistant to electric shocks. (rElec)
You are resistant to unholy torment.
You are immune to petrification.
You have a pair of small horns on your head.
You are weak. (Str -2)
You evolve.


Message History

You start resting.
HP restored.
p - 2 lumpy ruby potions (gained 1)
An adder skeleton comes into view.
An adder skeleton is nearby!
Found a pair of boots.
Your shield prevents you from hitting the adder skeleton.
You headbutt the adder skeleton.
The adder skeleton is lightly damaged.
The adder skeleton bites you but does no damage.
The adder skeleton bites you.
You hit the adder skeleton. You headbutt the adder skeleton!
The adder skeleton is almost destroyed.
The adder skeleton bites you but does no damage.
You barely miss the adder skeleton. You headbutt the adder skeleton.
You destroy the adder skeleton!
No target in view!
No target in view!
No target in view!
No target in view!
No target in view!
An ogre comes into view. It is wielding a +0 giant club.
The ogre shouts!
Found 10 gold pieces, a short sword and a potion of curing.
You barely miss the ogre. You headbutt the ogre!
The ogre is moderately wounded.
The ogre closely misses you.
You barely miss the ogre.
The ogre is moderately wounded.
The ogre hits you with a +0 giant club!
You hit the ogre. Your headbutt misses the ogre.
The ogre is heavily wounded.
The ogre closely misses you.
You slash the ogre!
You headbutt the ogre, but do no damage.
The ogre is almost dead.
The ogre hits you with a +0 giant club!!
* * * LOW HITPOINT WARNING * * *
The ogre hits you with a +0 giant club.
You die...

..#####....###.
.............
.............
########.###. #.# #. #.#
## # #.#
###..##############.##
......O@.............###
...[....##########......
.##.##... #...### #
#...# ##### ....# ##...#
#..$# ...)!


You could see an ogre.

Vanquished Creatures
  A bullfrog (D:3)
  A water moccasin zombie (D:3)
  2 orc priests
  An iguana (D:4)
  4 gnolls (D:3)
  6 adders
  An adder skeleton (D:4)
  3 worms
  2 dart slugs
  2 orcs (D:4)
  A bat zombie (D:3)
  7 endoplasms
  2 giant cockroaches
  8 goblins
  2 hobgoblins
  9 jackals
  5 quokkas
  8 ball pythons
  4 bats
  7 frilled lizards
  5 kobolds
  A quokka skeleton (D:4)
  9 rats
  A spectral orc (D:3)
92 creatures vanquished.

Notes
Turn   | Place    | Note
-------+----------+-------------------------------------------
     0 | D:1      | bande the Gargoyle Fighter began the quest for the Orb.
     0 | D:1      | Reached XP level 1. HP: 14/14 MP: 1/1
   235 | D:1      | Reached XP level 2. HP: 19/19 MP: 2/2
   264 | D:1      | Found a faded altar of an unknown god.
  1082 | D:2      | Reached XP level 3. HP: 23/23 MP: 3/3
  1085 | D:2      | Upgraded the game from 0.27-a0-1319-geec4fb4e21 to
                  | 0.27-a0-1322-gfdffb62a71
  1234 | D:2      | Reached skill level 1 in Dodging
  1576 | D:2      | Reached XP level 4. HP: 27/28 MP: 4/4
  1803 | D:3      | Found a glowing drain.
  1813 | Sewer    | Entered a sewer
  2224 | D:3      | Gained mutation: You are weak. (Str -2) [potion of
                  | mutation]
  2224 | D:3      | Gained mutation: You evolve. [potion of mutation]
  2224 | D:3      | Gained mutation: You have a pair of small horns on your
                  | head. [potion of mutation]
  2250 | D:3      | Found an ancient bone altar of Kikubaaqudgha.
  2334 | D:3      | Reached XP level 5. HP: 24/32 MP: 5/5
  3046 | D:3      | Reached XP level 6. HP: 34/38 MP: 6/6
  3095 | D:3      | Found a basalt altar of Yredelemnul.
  3473 | D:4      | Found a blossoming altar of Fedhas.
  3753 | D:4      | Slain by an ogre

Illustrated notes

Levels and vault maps discovered:
D:1:      minmay_arrival_diagonal_passages, layout_basic,
          hellmonk_ecumenical_altar_leap_of_faith, lemuel_old_faithful
D:2:      layout_basic, minmay_misc_feat_rugged
D:3:      layout_rooms, lemuel_zombie_altar_kikubaaqudgha,
          yredelemnul_forgotten_temple_becter, gup_sewer_entry_bubbles
D:4:      layout_loops_ring, overflow_temple_1_default

Skill      XL: |  1  2  3  4  5  6 |
---------------+-------------------+-----
Axes           | 2 3 4 |  4.4
Dodging        | 1 |  1.6
Shields        | 4 |  4.4
Armour         | 4 |  4.4
Fighting       | 4 |  4.0

Action                   |  1- 3 |  4- 6 || total
-------------------------+-------+-------++-------
Melee: War axe           |   113 |   196 ||   309
       Headbutt          |       |    25 ||    25
  Use: Scroll            |     5 |     7 ||    12
       Potion            |       |     1 ||     1
Armor: Scale mail        |    69 |   109 ||   178
Dodge: Dodged            |    40 |    76 ||   116
Block: Kite shield       |    57 |    96 ||   153

Table legend: (Time is in decaauts)
 A = Elapsed time spent in this place.
 B = Non-inter-level travel time spent in this place.
 C = Inter-level travel time spent in this place.
 D = Time resting spent in this place.
 E = Time spent auto-exploring this place.
 F = Levels seen in this place.
 G = Mean time per level.
                   A        B        C        D        E       F      G
               +--------+--------+--------+--------+--------+-----+--------+
         Total |   4015 |   3974 |     41 |    897 |   2184 |   5 |  803.0 |
       Dungeon |   3581 |   3540 |     41 |    897 |   1876 |   4 |  895.2 |
         Sewer |    433 |    433 |      0 |      0 |    307 |   1 |  433.0 |
               +--------+--------+--------+--------+--------+-----+--------+

Top non-repeatable levels by time:
     D:1: 1003 daAuts
     D:3: 937 daAuts
     D:4: 851 daAuts
     D:2: 790 daAuts
   Sewer: 433 daAuts
